Map: Orbital Shipyard

Players

Schnieder

  • Race: Zerg Zerg
  • League: Master

xKawaiian - Winner!

  • Race: Terran Terran
  • League: Master

VOD

Have the link to the VOD?

Description

Time

  • Played on: Jan. 13, 2016, 8:07 p.m.
  • Length: 7:56
Show
View Real Time Build Order
Export as new Build Order

Schnieder Zerg 

Build Orders: Hatch First 

Get SALT Encoding   

  12  0:01  Drone  
  13  0:08  Drone  
  14  0:21  Drone, Extractor  
  13  0:22  Drone, Extractor  
  13  0:27  Overlord  
  16  0:49  Hatchery  
  15  0:52  Drone  
  15  0:57  Drone  
  17  1:10  Spawning Pool  
  16  1:13  Drone  
  16  1:16  Drone  
  18  1:20  Drone  
  19  1:27  Drone  
  20  1:46  Hatchery  
  19  1:56  Queen  
  21  2:01  Queen  
  21  2:05  Zergling x2  
  24  2:10  Overlord  
  24  2:13  Drone  
  25  2:16  Drone  
  25  2:19  Drone  
  25  2:22  Drone  
  28  2:28  Drone x2  
  29  2:38  Queen  
  29  2:43  Drone x2  
  32  2:47  Drone  
  32  2:50  Overlord  
  33  2:57  Drone  
  34  2:59  Queen  
  34  3:04  Drone  
  34  3:05  Drone  
  38  3:07  Drone  
  38  3:11  Overlord  
  39  3:15  Drone x4  
  39  3:16  Drone  
  44  3:21  Drone x2  
  46  3:29  Roach Warren  
  46  3:30  Extractor  
  46  3:32  Extractor  
  46  3:33  Drone x2  
  46  3:34  Drone  
  46  3:49  Drone x2  
  46  3:50  Drone x6  
  46  3:52  Drone x3  
  57  3:56  Overlord  
  57  4:04  Overlord  
  57  4:06  Overlord  
  57  4:16  Extractor  
  56  4:18  Extractor x2  
  56  4:19  Roach, Extractor  
  56  4:20  Roach x4  
  63  4:24  Roach  
  63  4:30  Drone x6  
  63  4:31  Drone  
  72  4:42  Lair  
  72  4:48  Drone x2  
  72  4:50  Overlord x3  
  74  5:08  Ravager x5  
  74  5:09  Drone  
  74  5:10  Drone x8  
  88  5:20  Drone x2  
  88  5:21  Drone x4  
  93  5:22  Drone  
  93  5:24  Drone  
  96  5:35  Hatchery, Overlord x4  
  91  6:00  Zergling x2  
  91  6:01  Zergling x20  
  99  6:05  Queen  
  99  6:08  Drone, Infestation Pit  
  99  6:09  Drone x2  
  99  6:10  Evolution Chamber x2, Drone  
  102  6:16  Overlord x2  
  102  6:19  Metabolic Boost, Queen x2  
  105  6:28  Overlord x3  
  105  6:29  Overlord  
  105  6:39  Hatchery  
  104  6:44  Pathogen Glands  
  104  7:05  Overlord x2  
  104  7:09  Zergling x12  
  104  7:10  Zergling x6  
Show
View Real Time Build Order
Export as new Build Order

xKawaiian Terran - Winner!

Build Orders: Reaper Expand, MMM Bio 

Get SALT Encoding   

  12  0:01  SCV  
  13  0:13  SCV  
  14  0:18  Supply Depot  
  14  0:25  SCV  
  15  0:39  SCV  
  15  0:41  Barracks  
  16  0:46  Refinery  
  16  0:52  SCV  
  17  1:04  SCV  
  18  1:16  SCV  
  19  1:28  Orbital Command  
  19  1:30  Reaper  
  20  1:41  Command Center  
  20  1:52  Supply Depot  
  20  1:54  SCV  
  21  2:03  Barracks Reactor  
  21  2:06  SCV  
  21  2:08  Barracks  
  22  2:18  SCV  
  22  2:19  Barracks  
  23  2:30  SCV  
  24  2:41  Marine x2  
  24  2:42  SCV  
  26  2:54  SCV, Orbital Command  
  26  2:57  Barracks Tech Lab  
  27  2:59  Marine x2  
  29  3:06  Marine  
  29  3:07  Factory  
  29  3:11  SCV  
  29  3:12  Refinery  
  31  3:15  Marine  
  31  3:17  Marine x2  
  31  3:18  Stimpack  
  35  3:23  Marine  
  35  3:25  SCV  
  37  3:27  Supply Depot  
  37  3:29  SCV  
  37  3:33  Marine  
  38  3:35  Marine  
  38  3:37  SCV  
  38  3:40  Marine  
  41  3:41  SCV  
  41  3:42  Marine  
  43  3:49  SCV  
  43  3:51  Starport, Marine  
  43  3:52  Marine  
  43  3:53  SCV  
  43  3:55  Factory Reactor  
  47  3:59  Supply Depot  
  47  4:00  Marine x2  
  49  4:03  SCV  
  49  4:06  SCV  
  49  4:09  Supply Depot  
  51  4:11  Marine  
  51  4:15  SCV  
  51  4:17  Marine  
  53  4:21  SCV  
  55  4:27  SCV  
  55  4:28  Marine x2  
  55  4:29  Supply Depot, Marine  
  59  4:33  SCV  
  59  4:35  Medivac x2  
  64  4:39  SCV  
  66  4:47  Supply Depot, Marine x3  
  66  4:48  Marine  
  66  4:51  SCV  
  70  4:56  Command Center  
  70  4:58  SCV  
  71  5:03  SCV  
  71  5:04  Marine  
  73  5:10  SCV  
  73  5:12  Factory Reactor, Marine  
  73  5:13  Marauder  
  78  5:17  Engineering Bay  
  78  5:18  Engineering Bay  
  78  5:19  Refinery  
  78  5:21  Refinery  
  78  5:22  Marine  
  78  5:24  Combat Shields  
  78  5:27  SCV  
  78  5:28  SCV  
  81  5:30  Barracks Reactor  
  80  5:36  Marine  
  80  5:38  Supply Depot  
  80  5:39  SCV, Marine  
  80  5:40  SCV, Marine  
  85  5:51  SCV  
  85  5:52  SCV  
  85  5:54  Marine  
  83  5:59  Marine  
  83  6:00  Marauder  
  83  6:03  SCV  
  85  6:04  Barracks  
  85  6:05  Barracks, Medivac  
  85  6:07  SCV  
  88  6:12  Marine  
  88  6:17  Marine  
  88  6:18  SCV, Medivac, Marine  
  92  6:21  Marauder  
  94  6:29  Marine  
  95  6:33  SCV  
  95  6:36  Medivac, Widow Mine x2  
  95  6:37  Marine x2  
  95  6:38  Marine  
  105  6:41  Orbital Command  
  105  6:45  Marauder  
  107  6:47  Marine  
  107  6:49  Armory  
  107  6:50  SCV  
  109  6:54  Barracks Tech Lab  
  109  6:55  Barracks Tech Lab  
  109  7:03  Supply Depot  
  109  7:05  Concussive Shells  
  109  7:06  Supply Depot  
  109  7:21  Supply Depot  
  109  7:25  Marauder, Supply Depot, Medivac, SCV, Marine x3  
  109  7:28  Marauder, Marine x2  
  109  7:29  SCV x2, Supply Depot  
  123  7:37  SCV  
  123  7:41  SCV  
Tags
 
Add a new tag
Caveats
  • Supply blocks, unpowered buildings, or Contaminate may cause inaccurate times.
  • Supply counts are checked every 10 seconds.